 Dungeon Crawl Stone Soup version 0.23-a0-350-g6fd5563 (webtiles) character file.

2533 Garbasso the Shield-Bearer (level 9, -1/69 HPs)
             Began as a Mummy Necromancer on Oct 20, 2018.
             Was a Follower of Kikubaaqudgha.
             Slain by an orc warrior
             ... wielding a +0 scimitar
              (10 damage)
             ... on level 7 of the Dungeon.
             The game lasted 00:35:33 (8715 turns).

Garbasso the Shield-Bearer (Mummy Necromancer)      Turns: 8715, Time: 00:35:33

Health: -1/69      AC: 10    Str: 11    XL:     9   Next: 30%
Magic:  1/13       EV: 13    Int: 18    God:    Kikubaaqudgha [*.....]
Gold:   333        SH: 12    Dex: 12    Spells: 3/14 levels left

rFire    . . .     SeeInvis .   n - +0 trident (curse)
rCold    + . .     Gourm    .   p - +3 shield of the Game Afoot {rF+}
rNeg     + + +     Faith    .   a - +1 robe
rPois    ∞         Spirit   .   (no helmet)
rElec    .         Reflect  .   b - +2 cloak
rCorr    +         Harm     .   r - +0 pair of gloves (curse)
MR       +....                  (no boots)
Stlth    ++........             (no amulet)
HPRegen  0.21/turn              g - +3 ring of protection
MPRegen  0.13/turn              t - ring of resist corrosion

@: no status effects
A: no food or potions, fire vulnerability, cold resistance 1, negative energy
resistance 3, torment resistance, unbreathing
a: Receive Corpses, Renounce Religion


You were on level 7 of the Dungeon.
You worshipped Kikubaaqudgha.
Kikubaaqudgha was aware of your devotion.
You were not hungry.

You visited 2 branches of the dungeon, and saw 8 of its levels.

You collected 333 gold pieces.

Inventory:

Hand Weapons
 f - a +0 dagger
 n - a cursed +0 trident (weapon)
 u - a +0 flail of crushing
Missiles
 o - 3 tomahawks (quivered)
Armour
 a - a +1 robe (worn)
 b - a +2 cloak (worn)
 p - the +3 shield of the Game Afoot (worn) {rF+}
   (You found it on level 4 of the Dungeon)

   It protects you from fire.
 r - a cursed +0 pair of gloves (worn)
Jewellery
 g - a +3 ring of protection (left hand)
 t - a ring of resist corrosion (right hand)
Scrolls
 c - 8 scrolls of identify
 d - 3 scrolls of enchant armour
 e - 2 scrolls of enchant weapon
 h - 2 scrolls of remove curse


   Skills:
 + Level 6.0 Fighting
 + Level 5.2 Dodging
 - Level 1.5 Stealth
 * Level 6.5 Shields
 - Level 3.0 Spellcasting
 - Level 6.1 Necromancy


You had 3 spell levels left.
You knew the following spells:

 Your Spells              Type           Power        Failure   Level  Hunger
a - Pain                  Necr           ###.         4%          1    N/A
b - Animate Skeleton      Necr           N/A          4%          1    N/A
c - Vampiric Draining     Necr           ###.......   12%         3    N/A
d - Animate Dead          Necr           N/A          36%         4    N/A
e - Corpse Rot            Necr           N/A          6%          2    N/A

Your spell library contained the following spells:

 Spells                   Type           Power        Failure   Level  Hunger
 Regeneration             Chrm/Necr      Unusable     N/A         3    N/A

Dungeon Overview and Level Annotations

Branches:
Dungeon (7/15)             Temple (1/1) D:6

Altars:
Ashenzari
Cheibriados
Dithmenos
Elyvilon
Fedhas
Gozag
Hepliaklqana
Kikubaaqudgha
Makhleb
Nemelex Xobeh
Okawaru
Qazlal
Ru
Sif Muna
Trog
Uskayaw
Wu Jian
Xom
Yredelemnul
Zin
The Shining One

Annotations:
D:5 1 exclusion, Eustachio
D:7 3 runed doors, namelastname112's ghost, novice DrWn


Innate Abilities, Weirdness & Mutations

You do not eat or drink.
Your flesh is vulnerable to fire.
You are immune to poison.
Your flesh is cold resistant. (rC+)
You are immune to negative energy. (rN+++)
You are immune to unholy pain and torment.
You can survive without breathing.


Message History

The wight is heavily damaged.
You block the wight's attack. You block the orc warrior's attack.
You block the wight's attack.
You closely miss the wight.
The wight is heavily damaged.
The orc warrior barely misses you. You block the wight's attack.
You closely miss the wight.
The wight is heavily damaged.
You block the wight's attack. You block the orc warrior's attack.
You closely miss the wight.
The wight is heavily damaged.
You block the wight's attack. The orc warrior barely misses you.
The shadow imp lashes its tail.
Your magical contamination has completely faded away.
You barely miss the wight.
The wight is heavily damaged.
You block the wight's attack.
The orc warrior hits you with a +0 scimitar!
You die...
Kikubaaqudgha rasps: "You have failed me!
Welcome... oblivion!"

#.# ##.# ..#
###.##### ##
....... ...
#...## ....
#5...# .....
#z#..#......
#@#.zn......
#o#.#.......
#o..........
#(o......###
#..........
............ .
.............
.....
..............
.........


You could see an orc warrior, a wight, an orc priest, a shadow imp and an orc.

Vanquished Creatures
  A hog (D:7)
  A human (D:7)
  Menkaure (D:5)
  2 sky beasts
  An orc warrior (D:6)
  2 phantoms
  An ice beast (D:6)
  A necrophage (D:7)
  3 ogres
  A crocodile (D:7)
  A bullfrog (D:6)
  2 scorpions
  3 wights
  A howler monkey (D:4)
  A centaur zombie (D:5)
  3 crimson imps
  A quasit (D:6)
  A hound (D:4)
  An orc priest (D:7)
  A jelly (D:5)
  Natasha (twice) (D:2)
  4 orc wizards
  3 worker ants (D:6)
  2 hound skeletons
  8 adders
  A shadow imp (D:5)
  An ooze (D:2)
  An adder skeleton (D:4)
  2 worms
  5 leopard geckos
  14 orcs
  5 giant cockroaches
  5 goblins
  6 hobgoblins
  13 jackals
  4 kobolds
  A quokka (D:2)
  3 ball pythons
  5 bats
  4 frilled lizards
  A jackal skeleton (D:6)
  A leopard gecko skeleton (D:4)
  4 rats
124 creatures vanquished.

Vanquished Creatures (collateral kills)
  Sigmund (D:6)
  An ice beast (D:5)
  A crimson imp (D:6)
  A worker ant (D:6)
  2 adders
  2 worms
  A leopard gecko (D:5)
  An orc (D:6)
  A goblin (D:2)
  A hobgoblin (D:2)
  5 jackals
  A kobold (D:1)
  2 bats (D:1)
  A rat (D:2)
21 creatures vanquished.

Grand Total: 145 creatures vanquished

Notes
Turn   | Place    | Note
-------+----------+-------------------------------------------
     0 | D:1      | Garbasso the Mummy Necromancer began the quest for the Orb.
     0 | D:1      | Reached XP level 1. HP: 13/13 MP: 4/4
   212 | D:1      | Reached XP level 2. HP: 17/20 MP: 3/6
   215 | D:1      | Learned a level 1 spell: Animate Skeleton
   413 | D:1      | Reached skill level 1 in Fighting
   856 | D:1      | Reached XP level 3. HP: 26/26 MP: 1/7
  1167 | D:1      | Learned a level 3 spell: Vampiric Draining
  1910 | D:2      | Noticed Natasha
  1924 | D:2      | Killed Natasha
  1924 | D:2      | Reached XP level 4. HP: 33/33 MP: 3/8
  1976 | D:2      | Noticed Natasha
  1984 | D:2      | Killed Natasha
  1984 | D:2      | Reached skill level 5 in Necromancy
  2106 | D:2      | Learned a level 4 spell: Animate Dead
  2290 | D:3      | Reached XP level 5. HP: 38/38 MP: 2/9
  2468 | D:3      | Found a sparkling altar of Nemelex Xobeh.
  3134 | D:4      | Got an ichor-stained shield
  3163 | D:4      | Identified the +3 shield of the Game Afoot {rF+} (You found
                  | it on level 4 of the Dungeon)
  3430 | D:4      | Reached skill level 1 in Shields
  3430 | D:4      | Reached XP level 6. HP: 20/46 MP: 0/10
  4207 | D:5      | Entered Level 5 of the Dungeon
  4207 | D:5      | Noticed a sky beast
  4915 | D:5      | Killed a sky beast
  4915 | D:5      | Reached XP level 7. HP: 30/52 MP: 2/11
  5420 | D:5      | Noticed Menkaure
  5446 | D:5      | Killed Menkaure
  5690 | D:5      | Reached XP level 8. HP: 58/60 MP: 12/12
  5771 | D:5      | Noticed Eustachio
  5830 | D:6      | Found a staircase to the Ecumenical Temple.
  6048 | Temple   | Entered the Ecumenical Temple
  6147 | Temple   | Became a worshipper of Kikubaaqudgha
  6721 | D:6      | Noticed Sigmund
  6736 | D:6      | Killed Sigmund
  6736 | D:6      | Reached skill level 5 in Shields
  7019 | D:6      | Reached skill level 5 in Fighting
  8079 | D:7      | Found a runed gate.
  8080 | D:7      | Found a runed gate.
  8081 | D:7      | Found a runed gate.
  8083 | D:7      | Noticed namelastname112's ghost (novice DrWn)
  8151 | D:7      | Reached XP level 9. HP: 62/68 MP: 3/13
  8165 | D:7      | Reached * piety under Kikubaaqudgha
  8165 | D:7      | Identified Kikubaaqudgha's Disquisition on Stolen Souls
                  | (Kikubaaqudgha gifted it to you on level 7 of the Dungeon)
  8165 | D:7      | Received a gift from Kikubaaqudgha
  8165 | D:7      | Reached skill level 5 in Dodging
  8180 | D:7      | Noticed a troll
  8205 | D:7      | Learned a level 2 spell: Corpse Rot
  8221 | D:7      | Noticed a troll
  8700 | D:7      | HP: 1/69 [wight/cursed +2 falchion (7)]
  8715 | D:7      | Slain by an orc warrior

Vault maps used:
D:1:      lightli_arrival_chessboard, serial_forest, infiniplex_forest_zigzag_2,
          infiniplex_forest_lined_1, infiniplex_forest_clump_curved,
          infiniplex_forest_corner_1, infiniplex_forest_zigzag_1,
          infiniplex_forest_clump_double, infiniplex_forest_lined_corner,
          infiniplex_forest_lined_2, infiniplex_forest_clump_medium,
          hangedman_decor_clover_reticule, kennysheep_small_spiral,
          minmay_hedge_maze, chequers_serial_rivers_room_b
D:2:      uniq_natasha
D:3:      nemelex_spade_bored_becter
D:4:      kennysheep_generic_room_10
D:5:      first_ration, dk_noncrumbling_4, uniq_eustachio, uniq_menkaure
D:6:      temple_statues, uniq_sigmund
D:7:      ebering_ghost_rock_garden, grunt_livestock
Temple:   kilobyte_greek_temple

Skill      XL: |  1  2  3  4  5  6  7  8  9 |
---------------+----------------------------+-----
Spellcasting   | 3 |  3.0
Fighting       | 1 2 3 4 5 6 |  6.0
Dodging        | 2 3 4 5 |  5.2
Necromancy     | 5 6 |  6.1
Shields        | 1 2 3 5 6 |  6.5
Stealth        | |  1.5

Action                   |  1- 3 |  4- 6 |  7- 9 || total
-------------------------+-------+-------+-------++-------
Melee: Unarmed           |    14 |       |       ||    14
       Dagger            |    70 |    10 |       ||    80
       Trident           |       |    82 |   348 ||   430
Throw: Tomahawk          |       |       |     4 ||     4
 Cast: Pain              |    69 |    81 |    65 ||   215
       Animate Skeleton  |    20 |     4 |     2 ||    26
       Animate Dead      |       |    13 |    14 ||    27
       Vampiric Draining |       |     1 |    15 ||    16
  Use: Scroll            |     3 |     1 |     7 ||    11
 Stab: Sleeping          |     1 |       |       ||     1
Armor: Robe              |    48 |    49 |   164 ||   261
Dodge: Dodged            |    82 |    64 |   342 ||   488
Block: Shield            |       |       |    99 ||    99

Table legend:
 A = Non-vault XP
 B = Vault XP
 C = Vault XP percentage of total XP
 D = Non-vault monster count
 E = Vault monster count
 F = Vault count percentage of total count
                 A         B        C        D         E       F
            +---------+---------+-------+---------+---------+-------
      Total |    2878 |     741 |  20.5 |     139 |       6 |   4.1
            +---------+---------+-------+---------+---------+-------
        D:1 |      52 |       0 |   0.0 |      31 |       0 |   0.0
        D:2 |      74 |      28 |  27.5 |      22 |       1 |   4.3
        D:3 |     115 |       0 |   0.0 |      12 |       0 |   0.0
        D:4 |     400 |       1 |   0.2 |      20 |       1 |   4.8
        D:5 |     584 |     175 |  23.1 |      17 |       1 |   5.6
        D:6 |    1095 |     143 |  11.6 |      25 |       1 |   3.8
        D:7 |     558 |     394 |  41.4 |      12 |       2 |  14.3
            +---------+---------+-------+---------+---------+-------
